 Dungeon Crawl Stone Soup version 0.31-a0-640-g39d97e502b (webtiles) character file.

Game seed: 397570986263438202

56 qw the Shooter (level 3, -5/22 HPs)
             Began as a Gargoyle Hunter on Aug 27, 2023.
             Slain by an iguana (6 damage)
             ... on level 3 of the Dungeon.
             The game lasted 00:00:28 (1550 turns).

qw the Shooter (Gargoyle Hunter)                    Turns: 1550, Time: 00:00:29

Health: -5/22      AC:  8    Str: 14    XL:     3   Next: 95%
Magic:  3/3        EV: 11    Int:  9    God:
Gold:   68         SH:  0    Dex: 15    Spells: 2/2 levels left

rFire   . . .        Y - +0 shortbow
rCold   . . .        (shield currently unavailable)
rNeg    + . .        g - +0 ring mail
rPois   inf          (no helmet)
rElec   +            (no cloak)
rCorr   .            (no gloves)
SInv    .            (no boots)
Will    .....        (no amulet)
Stlth   +            (no ring)
HPRegen 0.23/turn    (no ring)
MPRegen 0.08/turn

%: no passive effects
@: no status effects
A: sickness immunity, AC +3, negative energy resistance 1, electricity
resistance, torment resistance 1, petrification resistance
a: no special abilities


You were on level 3 of the Dungeon.
You visited 1 branch of the dungeon, and saw 3 of its levels.

You collected 68 gold pieces.


Innate Abilities, Weirdness & Mutations

You are immune to sickness and miasma.
Your stone body is resilient. (AC +3)
You are immune to poison.
You resist negative energy. (rN+)
You are resistant to electric shocks. (rElec)
You are resistant to unholy torment.
You are immune to petrification.


   Skills:
 + Level 2.6 Fighting
 - Level 5.0 Ranged Weapons
 - Level 1.3 Armour
 - Level 1.5 Dodging
 - Level 1.1 Stealth


You had 2 spell levels left.
You didn't know any spells.
Your spell library was empty.

Inventory:

Hand Weapons
 Y - a +0 shortbow (weapon)
Armour
 g - a +0 ring mail (worn)
Potions
 b - 2 potions of curing
 c - a potion of invisibility {unknown}
 d - a potion of ambrosia {unknown}
 h - a potion of haste {unknown}

Dungeon Overview and Level Annotations

Branches:
Dungeon (3/15)

Altars:

Shops:
D:1 :


Message History

The quokka is moderately wounded.
A hobgoblin comes into view.
You shoot an arrow. The arrow completely misses the quokka.
The hobgoblin shouts!
An iguana comes into view.
You shoot an arrow. The arrow hits the quokka.
The quokka is almost dead.
The quokka bites you.
The quokka bites you but does no damage.
You shoot an arrow. The arrow closely misses the quokka.
The quokka bites you.
The quokka bites you but does no damage.
You shoot an arrow. The arrow barely misses the quokka.
The quokka barely misses you. The hobgoblin misses you.
You shoot an arrow. The arrow barely misses the quokka.
The quokka misses you.
The hobgoblin hits you but does no damage.
The quokka bites you but does no damage.
You shoot an arrow. The arrow hits the quokka.
You kill the quokka!
The hobgoblin misses you. The iguana bites you.
You shoot an arrow. The arrow closely misses the iguana.
The hobgoblin misses you. The iguana bites you.
You shoot an arrow. The arrow hits the iguana.
The iguana is lightly wounded.
The hobgoblin hits you. The iguana barely misses you.
The iguana bites you but does no damage.
The hobgoblin hits you but does no damage.
You shoot an arrow. The arrow hits the iguana!
The iguana is heavily wounded.
The hobgoblin closely misses you. The iguana bites you.
You shoot an arrow.
The arrow hits the iguana but does no damage.
The iguana is heavily wounded.
The hobgoblin hits you but does no damage.
The iguana barely misses you.
You shoot an arrow. The arrow hits the iguana.
The iguana is severely wounded.
The hobgoblin barely misses you. The iguana bites you. x2
You die...

#### # #.. ..
... .# #.# .#
#.# ##.##
#####.##....#
#......@%#
#<#####lg#
#.# #....#
#.# #.......
#.# #........
#.# #..###.##
#.. ...# .#
### ##.# #


You could see an iguana and a hobgoblin.

Vanquished Creatures
  An adder (D:2)
  A worm (D:2)
  2 dart slugs
  7 endoplasms
  A giant cockroach (D:1)
  4 goblins
  2 hobgoblins
  4 kobolds
  2 quokkas
  3 ball pythons
  3 bats
  A frilled lizard (D:2)
  6 rats
37 creatures vanquished.

Notes
Turn   | Place    | Note
-------+----------+-------------------------------------------
     0 | D:1      | qw the Gargoyle Hunter began the quest for the Orb.
     0 | D:1      | Reached XP level 1. HP: 12/12 MP: 1/1
     0 | D:1      | 0 ||| qw: Version: 0.3-a-74-g56b0e0c
     0 | D:1      | 0 ||| qw: Game counter: 14
     0 | D:1      | 0 ||| qw: Melee chars always use a shield: true
     0 | D:1      | 0 ||| qw: God list: Okawaru
     0 | D:1      | 0 ||| qw: Allow faded altars: false
     0 | D:1      | 0 ||| qw: Do Orc after clearing Dungeon:15 true
     0 | D:1      | 0 ||| qw: Do second Lair branch before Depths: true
     0 | D:1      | 0 ||| qw: Lair rune preference: random
     0 | D:1      | 0 ||| qw: Goals: Normal
     0 | D:1      | 0 ||| PLANNING D:1-11
    86 | D:1      | Reached XP level 2. HP: 17/17 MP: 2/2
   314 | D:1      | Found Baeloir's Vocational Training.
   735 | D:1      | Reached XP level 3. HP: 21/21 MP: 3/3
   738 | D:1      | 738 ||| UPGRADING to +0 ring mail.
   748 | D:1      | 748 ||| DROPPING +0 leather armour.
   749 | D:1      | 749 ||| READING scroll labelled SOALLO MAULAK.
   750 | D:1      | 750 ||| READING scroll labelled NOS XAIJ OPO.
   751 | D:1      | 751 ||| READING scroll labelled CUARHE ULITETZ.
   755 | D:1      | 755 ||| DROPPING scroll of butterflies.
   823 | D:2      | Reached skill level 1 in Armour
   872 | D:2      | Reached skill level 5 in Ranged Weapons
  1297 | D:2      | Found a faded altar of an unknown god.
  1469 | D:2      | 1469 ||| READING scroll labelled UCALIL LYWEO.
  1470 | D:2      | 1470 ||| DRINKING 3 cyan potions.
  1550 | D:3      | HP: 1/22 [iguana (6)]
  1550 | D:3      | Slain by an iguana

Levels and vault maps discovered:
D:1:      dpeg_arrival_subterranean_lakeside_camping, layout_basic,
          nicolae_shop_vocational
D:2:      layout_loops_ring, basic_ecumenical_altar
D:3:      layout_loops_ring, mainiacjoe_overflow_surrounded_room,
          mainiacjoe_overflow_paths, pf_just_have_faith

Skill      XL: |  1  2  3 |
---------------+----------+-----
Armour         | 1 |  1.3
Ranged Weapons | 5 |  5.0
Fighting       | |  2.6
Dodging        | |  1.5
Stealth        | |  1.1

Action                     || total
---------------------------++-------
   Fire: Shortbow          ||   104
    Use: Scroll            ||     4
         Potion            ||     1
 Armour: Leather armour    ||     8
         Ring mail         ||    15
  Dodge: Dodged            ||    30

Table legend:
 A = Non-vault XP
 B = Vault XP
 C = Vault XP percentage of total XP
 D = Non-vault monster count
 E = Vault monster count
 F = Vault count percentage of total count
                 A         B        C        D         E       F
            +---------+---------+-------+---------+---------+-------
      Total |      71 |       9 |  11.2 |      31 |       6 |  16.2
            +---------+---------+-------+---------+---------+-------
        D:1 |      26 |       9 |  25.7 |      14 |       6 |  30.0
        D:2 |      41 |       0 |   0.0 |      15 |       0 |   0.0
        D:3 |       4 |       0 |   0.0 |       2 |       0 |   0.0
            +---------+---------+-------+---------+---------+-------
